cohdb
Replays
Latest Replays
All Replays
Popular Replays
Top Player Replays
Match Explorer
How It Works
Community
CoH3 Stats
Reddit
Sign in to upload your games and track your stats! →
Sign in with Steam
Match 42552212
Unlisted
Match 42552212
Overview
Messages
Build Orders
End
Construct Infanterie Kompanie
Selects Terror Battlegroup
Selects Machine Gun Camouflage
MG 42 Machine Gun Team
MG 42 Machine Gun Team
GrW 34 Mortar Team
Grenadier Squad
Infanterie Officer Quarters
Grenadier Squad
Selects Contempt for the Weak
Construct Panzergrenadier Kompanie
Medical Station
Pak 40 Anti-tank Gun Team
Panzergrenadier Squad
Panzergrenadier Officer Quarters
Construct Panzer Kompanie
Selects No Quarter
Panzer IV Medium Tank
Panzer IV Medium Tank
Eisenkreuzkrieger
Паинтер
Terran
Benjamin Blümchen
Fraktur
Moltke1871
风音
抖音-疾风
0
0
Comments
sign in to comment!
No comments posted yet!